 Dungeon Crawl Stone Soup version 0.31-a0-521-gc7390f8997 (webtiles) character file.

Game seed: 10955449446062990532

321 CraigForest the Slasher (level 6, -5/51 HPs)
             Began as a Minotaur Gladiator on Aug 10, 2023.
             Killed from afar by Dowan (22 damage)
             ... with a shard of ice
             ... on level 3 of the Dungeon.
             The game lasted 00:07:16 (2844 turns).

CraigForest the Slasher (Minotaur Gladiator)        Turns: 2844, Time: 00:07:17

Health: -5/51      AC:  6    Str: 19    XL:     6   Next: 22%
Magic:  5/5        EV: 11    Int:  5    God:
Gold:   174        SH:  0    Dex: 13    Spells: 5/5 levels left

rFire   . . .        a - +0 long sword
rCold   . . .        (no shield)
rNeg    . . .        o - +0 scale mail
rPois   .            c - +0 hat
rElec   .            (no cloak)
rCorr   .            (no gloves)
SInv    .            (no boots)
Will    .....        (no amulet) Stlth
                     (no ring)
HPRegen 0.28/turn    (no ring)
MPRegen 0.09/turn

%: no passive effects
@: no status effects
A: horns 2, retaliatory headbutt
a: no special abilities


You were on level 3 of the Dungeon.
You visited 1 branch of the dungeon, and saw 4 of its levels.

You collected 174 gold pieces.

Inventory:

Hand Weapons
 a - a +0 long sword (weapon)
 k - a +3 whip
Missiles
 d - 3 throwing nets
 e - a javelin
 g - 11 poisoned darts (quivered)
Armour
 b - a +0 leather armour
 c - a +0 hat (worn)
 o - a +0 scale mail (worn)
Jewellery
 q - an amulet of reflection
Scrolls
 f - a scroll of silence
 i - a scroll of teleportation {unknown}
 l - a scroll of revelation {unknown}
 m - a scroll of poison {unknown}
 r - a scroll of blinking {unknown}
Potions
 h - 2 potions of curing
 j - a potion of magic
 p - a potion of enlightenment
 s - a potion of brilliance {unknown}
 t - a potion of might {unknown}


   Skills:
 + Level 3.1 Fighting
 + Level 6.9 Long Blades
 + Level 2.1 Throwing
 + Level 2.7 Armour
 + Level 4.1 Dodging
 + Level 0.4 Stealth


You had 5 spell levels left.
You didn't know any spells.
Your spell library contained the following spells:

 Spells                   Type           Power      Damage    Failure   Level
 Sandblast                Erth           0%         2d4       85%         1
 Ensorcelled Hibernation  Hex/Ice        0%         N/A       94%         2
 Passwall                 Tmut/Erth      0%         N/A       94%         2
 Stone Arrow              Conj/Erth      0%         3d7       99%         3
 Swiftness                Air            0%         N/A       99%         3


Dungeon Overview and Level Annotations

Branches:
Dungeon (4/15)
 Temple: D:4-7

Altars:
Uskayaw
Yredelemnul

Shops:
D:1 =

Annotations:
D:3 Dowan


Innate Abilities, Weirdness & Mutations

You have a pair of horns on your head.
You reflexively headbutt those who attack you in melee.


Message History

Dowan hits you with a +0 dagger of freezing.
Dowan freezes you. Dowan misses you.
Your life force feels restored.
Your Fighting skill increases to level 3!
You have reached level 6!
You hit Dowan.
Dowan is lightly wounded.
Dowan closely misses you.
You miss Dowan.
Dowan is lightly wounded.
Dowan barely misses you. You furiously retaliate!
You headbutt Dowan. Dowan gestures at you while chanting.
The shard of ice hits you!
* * * LOW HITPOINT WARNING * * *
You feel much better. Dowan closely misses you. You furiously retaliate!
You headbutt Dowan, but do no damage. You closely miss Dowan.
Dowan is lightly wounded.
Dowan hits you with a +0 dagger of freezing.
Dowan freezes you.
Dowan casts a spell.
Dowan blinks!
Dowan hits you with a +0 dagger of freezing.
Dowan freezes you. Dowan hits you but does no damage.
You are too injured to fight recklessly!
You are too injured to fight recklessly!
You are too injured to fight recklessly!
You are too injured to fight recklessly!
You are too injured to fight recklessly!
You are too injured to fight recklessly!
You miss Dowan.
Dowan is lightly wounded.
Dowan hits you but does no damage.
Dowan mumbles some strange words.
Dowan blinks!
Dowan closely misses you.
Dowan points at you and mumbles some strange words.
The shard of ice hits you!!
You die...

### #.# ###.# #...# #.#.#
########.#.# #.<..#.....#
#....#.#.#######
#.........@e...############
#....###..####.##..........
#.........# #.##.#########
#....###.#####.##..........
#....##........##..#....###
#..<..#..#.....##..#....###
#####.#..#.##..............
#..).....#.#.....#.##......
#......###<#.....#.##......


You could see Dowan (fast).

Vanquished Creatures
  Duvessa (D:3)
  A hound (D:3)
  A scorpion zombie (D:3)
  Terence (D:2)
  A howler monkey zombie (D:3)
  Robin (D:2)
  3 adders
  An adder zombie (D:3)
  A worm (D:2)
  A dart slug (D:2)
  7 endoplasms
  5 giant cockroaches
  13 goblins
  9 hobgoblins
  3 quokkas
  8 ball pythons
  A ball python zombie (D:3)
  2 bats (D:2)
  2 frilled lizards
  10 kobolds
  8 rats
80 creatures vanquished.

Notes
Turn   | Place    | Note
-------+----------+-------------------------------------------
     0 | D:1      | CraigForest the Minotaur Gladiator began the quest for the
                  | Orb.
     0 | D:1      | Reached XP level 1. HP: 18/18 MP: 0/0
    28 | D:1      | You fall into a shaft and drop 1 floor!
    35 | D:2      | Reached XP level 2. HP: 19/25 MP: 1/1
   114 | D:1      | Reached skill level 4 in Long Blades
   219 | D:1      | Found Cittot's Jewellery Shoppe.
   592 | D:1      | Reached XP level 3. HP: 30/30 MP: 2/2
  1034 | D:2      | Reached skill level 1 in Armour
  1364 | D:2      | Reached XP level 4. HP: 32/37 MP: 3/3
  1603 | D:2      | Noticed Terence
  1613 | D:2      | Killed Terence
  1702 | D:2      | Noticed Robin
  1732 | D:2      | Killed Robin
  1733 | D:2      | Reached skill level 5 in Long Blades
  2119 | D:3      | Reached XP level 5. HP: 40/44 MP: 4/4
  2243 | D:3      | Found a basalt altar of Yredelemnul.
  2322 | D:3      | Found a hide-covered altar of Uskayaw.
  2361 | D:3      | Found a faded altar of an unknown god.
  2368 | D:3      | Reached skill level 6 in Long Blades
  2820 | D:4      | Noticed Duvessa
  2820 | D:4      | Noticed Dowan
  2835 | D:3      | Killed Duvessa
  2836 | D:3      | Reached XP level 6. HP: 17/51 MP: 5/5
  2844 | D:3      | Killed from afar by Dowan

Illustrated notes

Levels and vault maps discovered:
D:1:      minmay_arrival_plants_in_alcoves, layout_loops_corners, serial_shops,
          shop
D:2:      layout_basic, minmay_rat_gold_closets, uniq_robin, uniq_terence
D:3:      layout_basic, eat_drink_and_be_merry_uskayaw,
          nicolae_yredelemnul_corpse_copse, dreamdust_ecumenical_altar_statues
D:4:      layout_cave_pools, general_overflow_altar, okawaru_altar_gauntlet_db,
          nicolae_ossuary_entry_monument, serial_demonic, serial_demonic_a,
          serial_demonic_b, serial_demonic_e, serial_demonic_d, uniq_duvessa,
          uniq_eustachio

Skill      XL: |  1  2  3  4  5 |
---------------+----------------+-----
Long Blades    | 4 5 6 |  6.9
Armour         | 1 2 |  2.7
Dodging        | 4 |  4.1
Fighting       | 3 |  3.1
Throwing       | |  2.1
Stealth        | |  0.4

Action                     |  1- 3 |  4- 6 || total
---------------------------+-------+-------++-------
  Melee: Long sword        |    93 |   106 ||   199
         Headbutt          |    13 |    18 ||    31
         Punch             |     1 |       ||     1
  Throw: Dart              |       |     2 ||     2
    Use: Scroll            |       |     6 ||     6
         Potion            |       |     2 ||     2
   Stab: Sleeping          |     3 |       ||     3
 Armour: Leather armour    |    16 |       ||    16
         Scale mail        |       |    44 ||    44
  Dodge: Dodged            |    55 |    59 ||   114

Table legend: (Time is in decaauts)
 A = Elapsed time spent in this place.
 B = Non-inter-level travel time spent in this place.
 C = Inter-level travel time spent in this place.
 D = Time resting spent in this place.
 E = Time spent auto-exploring this place.
 F = Levels seen in this place.
 G = Mean time per level.
                   A        B        C        D        E       F      G
               +--------+--------+--------+--------+--------+-----+--------+
         Total |   2874 |   2788 |     86 |      0 |   2205 |   4 |  718.5 |
       Dungeon |   2874 |   2788 |     86 |      0 |   2205 |   4 |  718.5 |
               +--------+--------+--------+--------+--------+-----+--------+

Top non-repeatable levels by time:
     D:2: 1109 daAuts
     D:1: 1021 daAuts
     D:3: 741 daAuts
     D:4: 3 daAuts
